 Dungeon Crawl Stone Soup version 0.27-a0-811-ga052575696 (webtiles) character file.

Game seed: 1170832653280875941

63 EnegeticOcto the Ruffian (level 3, -3/36 HPs)
             Began as a Troll Warper on Mar 29, 2021.
             Slain by a gnoll
             ... wielding a +2 vorpal spear
              (7 damage)
             ... on level 3 of the Dungeon.
             The game lasted 00:02:36 (519 turns).

EnegeticOcto the Ruffian (Troll Warper)              Turns: 519, Time: 00:02:36

Health: -3/36      AC:  4    Str: 19    XL:     3   Next: 89%
Magic:  3/3        EV:  9    Int: 12    God:
Gold:   48         SH:  0    Dex:  9    Spells: 3/4 levels left

rFire    . . .     SeeInvis .     - Unarmed
rCold    . . .     Faith    .   (no shield)
rNeg     . . .     Spirit   .   a - +0 robe
rPois    .         Reflect  .   (helmet restricted)
rElec    .         Harm     .   (no cloak)
rCorr    .         Rampage  .   (gloves unavailable)
Will     .....                  (boots unavailable)
Stlth    +.........             (no amulet)
HPRegen  1.12/turn              (no ring)
MPRegen  0.08/turn              (no ring)

@: mighty, attractive, very slightly contaminated, invisible
A: large, unfitting armour, claws 3, regeneration 1, shaggy fur 1, tough skin 1,
clever 1, low mp 1, sturdy frame 1
a: no special abilities


You were on level 3 of the Dungeon.
You visited 1 branch of the dungeon, and saw 3 of its levels.

You collected 48 gold pieces.

Inventory:

Missiles
 d - 2 boomerangs of dispersal (quivered)
Armour
 a - a +0 robe (worn)
Wands
 i - a wand of acid (12) {@v1}
   (You found it on level 3 of the Dungeon)
Scrolls
 c - a scroll of blinking {@r4}
 h - a scroll of teleportation {unknown}
 j - a scroll of acquirement {unknown}
 k - a scroll of fear {unknown}
 l - a scroll of identify {unknown}
Potions
 e - 2 potions of invisibility
 f - a potion of attraction


   Skills:
 + Level 2.3 Fighting
 - Level 0.8 Throwing
 - Level 1.9 Dodging
 * Level 3.6 Unarmed Combat
 - Level 1.2 Spellcasting
 - Level 2.1 Translocations


You had 3 spell levels left.
You knew the following spells:

 Your Spells              Type           Power      Damage    Failure   Level
a - Apportation           Tloc           12%        N/A       12%         1

Your spell library contained the following spells:

 Spells                   Type           Power      Damage    Failure   Level
 Blink                    Tloc           N/A        N/A       19%         2
 Animate Skeleton         Necr           0%         N/A       30%         1
 Corona                   Hex            0%         N/A       30%         1
 Summon Small Mammal      Summ           0%         N/A       30%         1
 Gell's Gravitas          Tloc           3%         N/A       34%         3
 Lesser Beckoning         Tloc           3%         N/A       34%         3
 Teleport Other           Tloc           6%         N/A       34%         3
 Manifold Assault         Tloc           6%         N/A       97%         5


Dungeon Overview and Level Annotations

Branches:
Dungeon (3/15)

Altars:
Dithmenos
Elyvilon


Innate Abilities, Weirdness & Mutations

You are too large for most types of armour.
You have claws for hands.
Your natural rate of healing is unusually fast.
You are covered in fur. (AC +1)
You have tough skin. (AC +1)
Your mind is acute. (Int +2)
Your magical capacity is low. (-10% MP)
Your movements are slightly less encumbered by armour. (ER -2)


Message History

You claw the bat!
You kill the bat!
Your Unarmed Combat skill increases to level 3!
An adder comes into view.
The adder hisses angrily.
A hobgoblin comes into view.
You miss the adder. The adder bites you but does no damage.
You closely miss the adder. The adder bites you.
You barely miss the adder.
The hobgoblin shouts!
The adder bites you but does no damage. The adder bites you.
You claw the adder!
You kill the adder!
You have reached level 3!
Your experience leads to an increase in your attributes!
Increase (s)trength, (i)ntelligence, or (d)exterity?
You feel clever.
You feel stronger.
You claw the hobgoblin!
You kill the hobgoblin!
No target in view!
No target in view!
No target in view!
No target in view!
No target in view!
No target in view!
No target in view!
No target in view!
A gnoll comes into view. It is wielding a +0 flail.
A gnoll comes into view. It is wielding a +0 whip.
A gnoll comes into view. It is wielding a +2 vorpal spear.
The gnoll shouts! x2
Found a pair of gloves.
You scratch the gnoll.
The gnoll is moderately wounded.
The gnoll hits you with a +0 flail!
You scratch the gnoll.
The gnoll is heavily wounded.
The gnoll hits you with a +0 flail!
A gnoll comes into view. It is wielding a +0 flail.
You closely miss the gnoll.
The gnoll is heavily wounded.
The gnoll barely misses you.
You scratch the gnoll. Your claw misses the gnoll.
The gnoll is severely wounded.
The gnoll hits you with a +0 flail!
You claw the gnoll!
You kill the gnoll!
Throw: 5 boomerangs (disperse)
Press: ? - help, Q - select action, (/) - cycle Shift-Dir - straight line, f - gnoll
Aim: a gnoll, wielding a +2 vorpal spear (58% to hit)
You throw a boomerang of dispersal.
The boomerang of dispersal hits the gnoll.
The gnoll blinks!
You claw the gnoll!
You kill the gnoll!
The gnoll shouts! x2
Things that are here:
a +0 whip; a gnoll corpse Throw: 4 boomerangs (disperse)
Press: ? - help, Q - select action, (/) - cycle Shift-Dir - straight line, f/p - gnoll
Aim: a gnoll, wielding a +2 vorpal spear (lightly wounded, 58% to hit)
You throw a boomerang of dispersal.
The boomerang of dispersal closely misses the gnoll.
The boomerang of dispersal barely misses the gnoll.
Throw: 3 boomerangs (disperse)
Press: ? - help, Q - select action, (/) - cycle Shift-Dir - straight line, f/p - gnoll
Aim: a gnoll, wielding a +2 vorpal spear (lightly wounded, 58% to hit)
You throw a boomerang of dispersal.
The boomerang of dispersal hits the gnoll!
The gnoll blinks!
The gnoll is heavily wounded.
You scratch the gnoll.
The gnoll is almost dead.
The gnoll hits you with a +0 flail.
You claw the gnoll!
You kill the gnoll!
The gnoll hits you from afar with a +2 vorpal spear.
The gnoll hits you with a +2 vorpal spear!
Things that are here:
a +0 whip; a gnoll corpse You closely miss the gnoll.
The gnoll is lightly wounded.
The gnoll hits you with a +2 vorpal spear!
* * * LOW HITPOINT WARNING * * *
x2 It was a potion of invisibility.
You fade into invisibility!
The gnoll hits you but does no damage.
You are very lightly contaminated with residual magic.
It was a potion of attraction.
You feel attractive to monsters.
The gnoll hits you with a +2 vorpal spear.
* * * LOW HITPOINT WARNING * * *
x2 It was a potion of mutation.
You feel extremely strange.
You feel clever.
You feel less energetic.
You feel less encumbered by your armour.
The gnoll closely misses you.
It was a potion of might.
You feel very mighty all of a sudden.
The gnoll hits you with a +2 vorpal spear!
You die...

......... ......... ........#
....... .>.....##.. .....
.......#... ... ..........
#.# ........# #. #g#
........# #. #.# ####
........#####.#######)##.....
..............).@g...........
.......######..#####...#.....
.....(..######.####.†..#...##
.........................###
...........####..###....##
........#.........#....##
........#.........#.####
....................#
......###.........###


You could see a gnoll.

Vanquished Creatures
  3 gnolls (D:3)
  An adder (D:3)
  A ball python (D:3)
  2 endoplasms (D:2)
  A giant cockroach (D:2)
  3 hobgoblins
  4 jackals (D:3)
  2 quokkas
  3 bats
  A frilled lizard (D:1)
  2 kobolds (D:1)
23 creatures vanquished.

Notes
Turn   | Place    | Note
-------+----------+-------------------------------------------
     0 | D:1      | EnegeticOcto the Troll Warper began the quest for the Orb.
     0 | D:1      | Reached XP level 1. HP: 19/19 MP: 1/1
   179 | D:1      | Learned a level 1 spell: Apportation
   307 | D:2      | Reached XP level 2. HP: 28/28 MP: 2/2
   334 | D:2      | Found a shadowy altar of Dithmenos.
   342 | D:2      | Found a white marble altar of Elyvilon.
   413 | D:3      | Reached skill level 2 in Fighting
   464 | D:3      | Reached skill level 3 in Unarmed Combat
   484 | D:3      | Reached XP level 3. HP: 30/35 MP: 3/3
   518 | D:3      | Gained mutation: Your mind is acute. (Int +2) [potion of
                  | mutation]
   518 | D:3      | Gained mutation: Your magical capacity is low. (-10% MP)
                  | [potion of mutation]
   518 | D:3      | Gained mutation: Your movements are slightly less
                  | encumbered by armour. (ER -2) [potion of mutation]
   519 | D:3      | Slain by a gnoll

Illustrated notes

Levels and vault maps discovered:
D:1:      wander_arrival_chamber, layout_loops_corners
D:2:      layout_basic, minitemple, serial_rivers,
          chequers_serial_rivers_room_a, chequers_serial_rivers_micro_e,
          chequers_serial_rivers_micro_b, chequers_serial_rivers_micro_a,
          chequers_serial_rivers_micro_b
D:3:      layout_rooms, xom_butterflies

Skill      XL: |  1  2 |
---------------+-------+-----
Fighting       | 2 |  2.3
Unarmed Combat | 3 |  3.6
Throwing       | |  0.8
Dodging        | |  1.9
Spellcasting   | |  1.2
Translocations | |  2.1

Action                   || total
-------------------------++-------
Melee: Unarmed           ||    72
Throw: Boomerang         ||     3
 Cast: Apportation       ||     3
  Use: Potion            ||     4
Armor: Robe              ||    52
Dodge: Dodged            ||    46

Table legend: (Time is in decaauts)
 A = Elapsed time spent in this place.
 B = Non-inter-level travel time spent in this place.
 C = Inter-level travel time spent in this place.
 D = Time resting spent in this place.
 E = Time spent auto-exploring this place.
 F = Levels seen in this place.
 G = Mean time per level.
                   A        B        C        D        E       F      G
               +--------+--------+--------+--------+--------+-----+--------+
         Total |    518 |    493 |     25 |      0 |      0 |   3 |  172.7 |
       Dungeon |    518 |    493 |     25 |      0 |      0 |   3 |  172.7 |
               +--------+--------+--------+--------+--------+-----+--------+

Top non-repeatable levels by time:
     D:1: 231 daAuts
     D:3: 147 daAuts
     D:2: 139 daAuts
